 Dungeon Crawl Stone Soup version 0.22-a0-407-gb098539 (webtiles) character file.

1005239 iamserjio the Conqueror (level 27, -2/261 HPs)
             Began as an Octopode Wizard on May 8, 2018.
             Was the Champion of Vehumet.
             Killed from afar by Cerebov (49 damage)
             ... with a great blast of fire
             ... in Pandemonium on May 9, 2018.
             The game lasted 09:08:39 (108283 turns).

iamserjio the Conqueror (Octopode Wizard)         Turns: 108283, Time: 09:08:39

Health: -2/261     AC: 48    Str: 13    XL:     27
Magic:  44/88      EV: 31    Int: 46    God:    Vehumet [******]
Gold:   4062       SH: 18    Dex: 19    Spells: 10/80 levels left

rFire    + . .     SeeInvis +   C - staff of power
rCold    . . .     Gourm    .   s - +5 shield {AC+3}
rNeg     + + +     Faith    .   N - +3 hat of Pondering {ponderous, MR+ MP+10 Int+5}
rPois    ∞         Spirit   .   B - amulet of Suspicion {RegenMP *Slow Fragile Str+8 SInv}
rElec    +         Reflect  .   D - ring of magical power
rCorr    .         Harm     .   l - ring of the Empire {rElec rN+++ Str-5 Dex+3 Slay+4}
MR       ++++.                  E - ring "Gitaryask" {Wiz rElec rF+ rC+ Dex-4}
Stlth    +++++++++.             n - ring "Vaupem" {*Drain AC+5 Dex+4}
HPRegen  0.53/turn              t - ring of Wodoxiol {*Contam +Fly rN+ Int+6}
MPRegen  0.76/turn              q - ring "Ufax" {MR+ Str+6}
                                h - ring of fire
                                y - ring of Tension {rPois AC+4 Str-2 Int+7 Stlth+}

@: statue-form, fire vulnerable, very slightly contaminated, very slow
A: almost no armour, stealthy swim, amphibious, 8 rings, constrict 8, camouflage
1, frail 1
}: 7/15 runes: serpentine, barnacled, slimy, silver, demonic, glowing, magical
a: End Transformation, Renounce Religion, Evoke Flight


You were in Pandemonium.
You worshipped Vehumet.
Vehumet was exalted by your worship.
You were not hungry.
You were a stone statue.
You visited 9 branches of the dungeon, and saw 49 of its levels.
You visited Pandemonium 1 time, and saw 9 of its levels.
You completed 1 ziggurat, and saw 27 of its levels.
You also visited: Ice Cave.

You collected 7742 gold pieces.
You spent 3680 gold pieces at shops.

Inventory:

Hand Weapons
 T - the +10 morningstar "Eos" {elec, Halo rElec}
   (You found it on level 20 of a ziggurat)

   Occasionally, upon striking a foe, it will discharge some electrical energy
   and cause terrible harm.
   It insulates you from electricity.
Armour
 s - a +5 shield of protection (worn)
 F - the +3 buckler of Bedevilment {rC+}
   (You found it on level 15 of the Dungeon)

   It protects you from cold.
 N - the +3 hat of Pondering (worn) {ponderous, MR+ MP+10 Int+5}
   (You found it on level 5 of the Vaults)

   It affects your intelligence (+5).
   It affects your resistance to hostile enchantments.
   It affects your magic capacity (+10).
Magical Staves
 w - an uncursed staff of fire
 z - an uncursed staff of energy
 C - an uncursed staff of power (weapon)
 O - an uncursed staff of earth
 U - an uncursed staff of conjuration
Jewellery
 f - the ring of Jeneddalaxt {rCorr SInv}
   (You found it on level 21 of a ziggurat)

   [ring of resist corrosion]

   It lets you see invisible.
 h - a ring of fire (on tentacle)
 l - the ring of the Empire (right tentacle) {rElec rN+++ Str-5 Dex+3 Slay+4}
   (You found it on level 15 of a ziggurat)

   [ring of dexterity]

   It affects your strength (-5).
   It affects your dexterity (+3).
   It affects your accuracy and damage with ranged weapons and melee attacks
   (+4).
   It insulates you from electricity.
   It renders you almost immune to negative energy.
 n - the ring "Vaupem" (on tentacle) {*Drain AC+5 Dex+4}
   (You found it on level 19 of a ziggurat)

   [ring of protection]

   It affects your AC (+5).
   It affects your dexterity (+4).
   It causes draining when unequipped.
 q - the ring "Ufax" (on tentacle) {MR+ Str+6}
   (You found it on level 19 of a ziggurat)

   [ring of protection from magic]

   It affects your strength (+6).
   It affects your resistance to hostile enchantments.
 t - the ring of Wodoxiol (on tentacle) {*Contam +Fly rN+ Int+6}
   (You found it in an ice cave)

   [ring of positive energy]

   It affects your intelligence (+6).
   It protects you from negative energy.
   It lets you fly.
   It causes magical contamination when unequipped.
 y - the ring of Tension (on tentacle) {rPois AC+4 Str-2 Int+7 Stlth+}
   (You acquired it on level 6 of the Lair of Beasts)

   [ring of protection]

   It affects your AC (+4).
   It affects your strength (-2).
   It affects your intelligence (+7).
   It protects you from poison.
   It makes you more stealthy.
 B - the amulet of Suspicion (around mantle) {RegenMP *Slow Fragile Str+8 SInv}
   (You found it on level 19 of a ziggurat)

   [amulet of magic regeneration]

   It increases your magic regeneration.
   It affects your strength (+8).
   It lets you see invisible.
   It may slow you when you take damage.
   It will be destroyed if unequipped.
 D - a ring of magical power (left tentacle)
 E - the ring "Gitaryask" (on tentacle) {Wiz rElec rF+ rC+ Dex-4}
   (You found it on level 4 of the Depths)

   [ring of wizardry]

   It improves your spell success rate.
   It affects your dexterity (-4).
   It protects you from fire.
   It protects you from cold.
   It insulates you from electricity.
 H - a +5 amulet of reflection
 J - an uncursed ring of protection from cold
 M - the amulet of Inijalih {Faith *Contam rF+ MP+9 Int+5}
   (You acquired it on level 3 of the Vaults)

   [amulet of faith]

   It allows you to gain divine favour quickly.
   It affects your intelligence (+5).
   It protects you from fire.
   It affects your magic capacity (+9).
   It causes magical contamination when unequipped.
 R - an uncursed ring of protection from magic
 W - an uncursed ring of magical power
Wands
 b - a wand of digging (60)
 x - a wand of acid (30)
 K - a wand of iceblast (31)
 Z - a wand of clouds (14)
Scrolls
 a - 6 scrolls of holy word
 d - 9 scrolls of identify
 e - 29 scrolls of remove curse
 g - 6 scrolls of summoning
 r - 15 scrolls of fog
 A - 9 scrolls of fear
 G - a scroll of magic mapping
 P - 2 scrolls of blinking
 X - 24 scrolls of teleportation
Potions
 i - 2 potions of magic
 j - 4 potions of invisibility
 m - 4 potions of resistance
 o - 30 potions of curing
 p - 2 potions of agility
 v - 15 potions of mutation
 Q - 8 potions of heal wounds
 S - 8 potions of haste
 V - 2 potions of brilliance
 Y - 7 potions of cancellation
Miscellaneous
 k - a fan of gales
 u - a lightning rod (4/4)
 I - a phial of floods
 L - 6 phantom mirrors
Comestibles
 c - 68 rations


   Skills:
 O Level 27 Fighting
 - Level 21.2 Dodging
 - Level 17.6 Stealth
 + Level 13.2 Shields
 O Level 27 Spellcasting
 - Level 21.4 Conjurations
 * Level 3.5 Summonings
 - Level 1.0 Translocations
 - Level 8.5 Transmutations
 - Level 21.4 Fire Magic
 * Level 17.5 Earth Magic
 + Level 11.5 Evocations


You had 10 spell levels left.
You knew the following spells:

 Your Spells              Type           Power        Failure   Level  Hunger
a - Ignition              Fire           #########.   1%          8    None
b - Blink                 Tloc           N/A          1%          2    None
c - Shatter               Erth           ########..   2%          9    None
d - Iron Shot             Conj/Erth      ########..   0%          6    None
e - Fire Storm            Conj/Fire      #########.   1%          9    None
g - Fireball              Conj/Fire      #########.   0%          5    None
h - Regeneration          Chrm/Necr      ######....   1%          3    None
i - Orb of Destruction    Conj           ########..   1%          7    None
j - Apportation           Tloc           ######       1%          1    None
k - Spellforged Servitor  Conj/Summ      ########..   1%          7    None
l - Shroud of Golubria    Chrm/Tloc      ######....   1%          2    None
m - Aura of Abjuration    Summ           #######...   1%          5    None
n - Statue Form           Tmut/Erth      ########.    1%          6    None


Dungeon Overview and Level Annotations

Branches:
Dungeon (15/15)            Temple (0/1) D:5            Lair (6/6) D:11
 Shoals (4/4) Lair:3        Snake (4/4) Lair:2        Slime (5/5) Lair:6
    Orc (2/2) D:10            Elf (3/3) Orc:2        Vaults (5/5) D:13
  Crypt (0/3) Vaults:2     Depths (5/5) D:15            Zot (0/5) Depths:5

Altars:
Cheibriados
Elyvilon
Fedhas
Hepliaklqana
Uskayaw
Vehumet
Xom
Yredelemnul
Beogh

Shops:
D:6 *   D:11 (   Orc:2 *?[(   Elf:1 %   Elf:2 *   Shoals:4 [   Snake:2 (
Snake:3 *(!   Snake:4 !   Depths:1 *   Depths:2 *   Depths:3 }

Portals:
Hell: Depths:1 Depths:2 Depths:3 Depths:4 Depths:5
Abyss: Depths:3 Depths:4
Pandemonium: Depths:1 Depths:3 Depths:4

Annotations:
D:3 Purgy
D:8 Erica, Grum
D:9 2 transporters
Slime:4 1 exclusion
Orc:2 exclusion: upstairs
Elf:2 3 runed doors
Pan Cerebov


Innate Abilities, Weirdness & Mutations

You cannot wear most types of armour.
You are very stealthy in the water. (Stealth+)
You are amphibious.
You can wear up to eight rings at the same time.
You can use your tentacles to constrict eight enemies at once.
Your skin changes colour to match your surroundings (Stealth+).
((Your rubbery body absorbs attacks. (AC +1, EV +1)))
You are frail. (-10% HP)


Message History

Your spellforged servitor is destroyed!
Cerebov gestures at you. The iron shot hits you!
You hear a shout! x4 4 fire vortices come into view.
You are engulfed in blazing flames.
You resist. Cerebov barely misses you.
Cerebov hits you with a great serpentine sword {flame}!!!
* * * LOW HITPOINT WARNING * * *
Blink to where?
Press: ? - help, Dir - move target cursor, p - Cerebov You are very lightly contaminated with residual magic.
As you read the scroll of blinking, it crumbles to dust.
Cerebov gestures at you.
A raging storm of fire appears!
The great blast of fire engulfs you! You partially resist.
* * * LOW HITPOINT WARNING * * *
Cerebov gestures at you.
A raging storm of fire appears!
The great blast of fire engulfs you! You partially resist.
You die...

,*≈≈≈..§.§..§.....# *#..##*,,,,,,
,*v≈≈.§v.2&§......#*#....#*,,,,,,
,,≈≈....###§.v....##.....##,,,***
≈§....§,* #§...............,,,,*
**#...,***##.....##........,,,,**
*,...,,',,,#)..)v##........,,,,,,
,,..****,,,#.)§§v##........,,,,,,
,,#*####,,,#..§§§##........,,,,,,
**###..#####..§§8##........,,,,,,
###...........v§§###.......,,,,,,
......).......§v§# *#......,,,,,,
.................# *************
.................#
..........)......#
##################


You could see Cerebov and 5 fire vortices.

Vanquished Creatures
  the Royal Jelly (Slime:5)
  Mnoleg (Pan)
  Lom Lobon (Pan)
  6 juggernauts
  5 ancient liches (Zig:24)
  Mennas (Pan)
  A juggernaut (shapeshifter) (Zig:24)
  Sojobo (Depths:3)
  11 shard shrikes
  Xtahua (Depths:3)
  34 pandemonium lords
  Saint Roka (Snake:2)
  The ghost of Dargar the Conqueror, a veteran GrFi of the Shining One (Depths:3)
  14 Killer Klowns
  Nikola (Shoals:3)
  14 golden dragons
  4 bone dragons
  Jorgrun (Vaults:2)
  A Brimstone Fiend (Pan)
  10 electric golems (Zig:19)
  7 Tzitzimimeh (Pan)
  11 tentacled monstrosities
  4 Hell Sentinels
  Rupert (Orc:2)
  2 deep elf master archers
  12 Ice Fiends
  The ghost of Gorglomux the Brawler, an adept TrFi of Okawaru (Vaults:2)
  3 deep elf blademasters
  7 liches
  Frances (Snake:1)
  2 quicksilver dragons (Vaults:5)
  9 titans
  Polyphemus (Shoals:2)
  6 Executioners
  27 acid blobs
  2 thorn hunters
  Kirke (Lair:6)
  A kraken (Shoals:2)
  6 sphinxes
  2 tentacled starspawn (Zig:25)
  5 storm dragons
  2 shadow dragons (shapeshifter)
  13 tengu reavers
  3 shadow dragons
  14 azure jellies
  Ilsuiw (Shoals:4)
  23 nagarajas
  2 azure jellies (shapeshifter)
  9 draconian monks
  6 blood saints
  9 fire giants
  2 frost giants (shapeshifter)
  An iron dragon (Depths:5)
  16 vault wardens
  3 orc warlords
  Aizul (Snake:3)
  18 balrugs
  4 ghost moths
  7 draconian shifters
  8 draconian scorchers
  20 frost giants
  9 cacodemons
  8 deep elf sorcerers
  3 warmongers (Pan)
  The ghost of dstrtnsr the Severer, a journeyman MiBe of Trog (Snake:4)
  17 draconian knights
  4 deep elf elementalists
  4 emperor scorpions (Zig:16)
  3 juggernaut zombies
  12 draconian stormcallers
  An angel (Pan)
  15 ironheart preservers
  2 reapers
  41 very ugly things
  A spriggan defender (Depths:5)
  19 stone giants
  3 stone giants (shapeshifter)
  The ghost of Gorice the Nimble, a journeyman DEFE of Vehumet (Orc:1)
  3 vampire knights
  2 entropy weavers
  10 draconian annihilators
  2 grey draconians (Depths:5)
  4 corrupters
  3 deep elf demonologists
  5 black suns (Pan)
  4 green draconians
  4 red draconians
  5 black draconians
  16 lorocyprocas (Pan)
  15 deep elf annihilators
  2 yellow draconians (Zig:27)
  A dire elephant (shapeshifter) (Zig:26)
  6 purple draconians
  A spark wasp (shapeshifter) (Zig:24)
  7 merfolk javelineers
  4 white draconians
  8 deep elf death magi
  A crystal guardian (Zig:24)
  17 ettins
  12 spark wasps
  35 blizzard demons
  13 green deaths
  A quicksilver dragon zombie (Zig:20)
  9 deep elf high priests
  9 death oozes
  8 merfolk impalers
  15 fire dragons
  23 yaktaur captains
  A mummy priest (Zig:6)
  Erolcha (D:11)
  7 rakshasas
  32 vault guards
  An ice dragon (shapeshifter) (Vaults:5)
  14 great orbs of eyes
  3 juggernaut simulacra
  26 naga warriors
  25 ice dragons
  21 hydras
  12 spriggan air magi
  2 hydras (shapeshifter)
  10 centaur warriors
  4 hell beasts
  4 merfolk avatars
  3 catoblepae
  5 monstrous demonspawn
  An alligator snapping turtle (shapeshifter) (Zig:26)
  12 anacondas
  8 merfolk aquamancers
  2 satyrs
  20 dancing weapons
  2 alligators (Zig:21)
  4 death knights
  4 hell hogs
  A two-headed ogre (shapeshifter) (Zig:24)
  3 alligator snapping turtles
  An anaconda (shapeshifter) (Zig:10)
  13 ogre magi
  27 two-headed ogres
  9 deep troll shamans
  A titan zombie (Zig:20)
  10 deep troll earth magi
  5 death yaks
  A death yak (shapeshifter) (Zig:26)
  4 tengu warriors
  3 death scarabs
  15 shock serpents
  3 thrashing horrors (Zig:25)
  7 small abominations
  4 spriggan berserkers
  3 hell knights
  7 orc high priests
  7 soul eaters
  2 vampire magi
  28 sun demons
  13 naga sharpshooters
  19 deep elf knights
  2 titan skeletons (Zig:15)
  An iron troll (shapeshifter) (Zig:26)
  3 shadow wraiths
  6 wretched stars (Zig:25)
  3 spatial maelstroms (Zig:25)
  2 salamander mystics
  A storm dragon skeleton (Vaults:5)
  4 iron trolls
  16 sixfirhies
  10 skeletal warriors
  3 death drakes (Zig:21)
  4 shadow demons
  22 sea snakes
  31 deep trolls
  A deep troll (shapeshifter) (Depths:2)
  4 torturous demonspawn
  9 swamp dragons
  4 gelid demonspawn (Pan)
  8 naga ritualists
  5 unseen horrors
  7 wizards
  A sea snake (shapeshifter) (Zig:26)
  3 infernal demonspawn (Pan)
  2 swamp dragons (shapeshifter)
  A sphinx zombie (Zig:15)
  4 flayed ghosts
  11 ironbrand convokers
  8 deep elf archers
  6 phantasmal warriors
  3 shambling mangroves (Zig:21)
  3 glowing orange brains
  57 deep elf magi
  A tengu zombie (Vaults:4)
  An orb spider (Zig:16)
  13 harpies
  18 orc knights
  14 salamanders
  5 shining eyes
  14 manticores
  14 mana vipers
  4 necromancers
  6 wolf spiders
  A shadow dragon skeleton (Zig:15)
  A frost giant zombie (Zig:12)
  4 tengu skeletons
  A mana viper (shapeshifter) (Zig:25)
  11 cyclopes
  12 orc sorcerers
  A fire giant zombie (Zig:12)
  52 ugly things
  12 fauns
  2 stone giant skeletons
  A moth of wrath (shapeshifter) (Zig:10)
  A manticore (shapeshifter) (Elf:2)
  2 moths of wrath
  A salamander (shapeshifter) (Vaults:4)
  A stone giant zombie (Vaults:5)
  6 oklob plants
  Maurice (Orc:1)
  23 smoke demons
  39 black mambas
  5 eyes of devastation
  16 guardian serpents
  22 naga magi
  16 vault sentinels
  An eye of devastation (shapeshifter) (Zig:10)
  7 ice statues
  Joseph (D:8)
  3 fire giant skeletons
  8 merfolk sirens
  5 elf zombies
  A spriggan skeleton (Zig:12)
  A rust devil (Pan)
  3 gargoyles
  6 apocalypse crabs
  4 frost giant skeletons
  2 torpor snails (shapeshifter)
  11 orange demons
  13 spiny frogs
  A water nymph (shapeshifter) (Depths:1)
  A human zombie (Vaults:5)
  A spark wasp simulacrum (Zig:6)
  3 efreet (Pan)
  7 rime drakes
  A storm dragon simulacrum (Zig:25)
  3 hellions
  3 tormentors
  9 komodo dragons
  2 demonic crawlers
  A yaktaur (shapeshifter) (Depths:1)
  A rime drake (shapeshifter) (Vaults:3)
  A guardian mummy (Zig:6)
  A golden dragon simulacrum (Zig:23)
  21 ice devils
  74 yaktaurs
  14 freezing wraiths
  7 red devils
  7 hellwings
  6 elf skeletons
  A queen bee (shapeshifter) (Zig:22)
  A merfolk (shapeshifter) (Depths:5)
  A jumping spider (shapeshifter) (Zig:10)
  3 meliai (shapeshifter)
  4 tengu conjurers
  26 merfolk
  8 wind drakes
  10 trolls
  3 jumping spiders (Zig:16)
  A polar bear (shapeshifter) (Zig:5)
  13 hornets
  141 slime creatures
  A wind drake (shapeshifter) (Zig:26)
  18 polar bears
  A troll (shapeshifter) (Vaults:2)
  11 raiju
  2 tyrant leeches (Zig:21)
  A shadow dragon simulacrum (Zig:17)
  A spriggan zombie (Zig:3)
  2 tengu simulacra
  A dream sheep (shapeshifter) (D:13)
  2 slime creatures (shapeshifter)
  A sphinx simulacrum (Zig:23)
  19 blink frogs
  An iron dragon simulacrum (Zig:17)
  2 snapping turtles (shapeshifter) (Zig:26)
  A hippogriff (shapeshifter) (Zig:22)
  15 dream sheep
  8 snapping turtles
  7 hippogriffs
  A frost giant simulacrum (Vaults:3)
  9 flying skulls
  5 redbacks
  11 starcursed masses (Zig:25)
  13 spriggans
  A centaur simulacrum (D:11)
  5 air elementals
  84 yaks
  20 water elementals
  3 shadows
  11 wraiths
  A hog (shapeshifter) (Zig:26)
  A basilisk (shapeshifter) (Zig:26)
  2 ushabtiu
  A vampire (D:15)
  32 ynoxinuls
  A spriggan (shapeshifter) (Zig:24)
  A tarantella (shapeshifter) (Zig:22)
  4 wyverns
  A spriggan simulacrum (Zig:23)
  4 fire bats (Depths:2)
  4 fire elementals
  3 hogs
  42 large abominations
  A basilisk (D:15)
  22 golden eyes
  A steam dragon (D:14)
  A yaktaur simulacrum (Vaults:3)
  2 hungry ghosts
  6 vampire mosquitoes
  12 chaos spawn
  11 neqoxecs
  A naga (shapeshifter) (Zig:24)
  4 spatial vortices (Zig:25)
  5 insubstantial wisps
  5 wargs
  48 nagas
  4 acid dragons
  6 porcupines
  A soldier ant (D:14)
  A deep troll skeleton (Vaults:2)
  5 hell hounds
  7 swamp drakes
  13 water moccasins
  3 floating eyes
  67 orc warriors
  2 black bears
  13 eyes of draining
  19 ice beasts
  5 sky beasts
  2 tengu (shapeshifter)
  2 phantoms (Zig:12)
  27 centaurs
  8 boggarts
  35 ogres
  33 wolves
  An orc skeleton (Vaults:2)
  11 crocodiles
  A big kobold (D:13)
  13 bullfrogs
  A bullfrog (shapeshifter) (Depths:3)
  A gnoll sergeant (D:6)
  3 glowing shapeshifter simulacra
  A deep troll simulacrum (Vaults:5)
  7 human skeletons (Vaults:2)
  2 scorpions
  11 killer bees
  5 wights
  2 electric eels
  13 crimson imps
  A centaur zombie (D:9)
  3 quasits (Depths:3)
  3 bullfrog zombies
  8 hounds
  17 orc priests
  A jelly (D:11)
  2 bullfrog skeletons
  5 centaur skeletons
  3 iron imps
  An iguana (shapeshifter) (Depths:4)
  2 iguanas
  A lightning spire (Zig:19)
  9 worker ants
  31 orc wizards
  3 hound skeletons
  15 mummies
  A howler monkey zombie (D:6)
  2 worker ant zombies (D:6)
  Robin (D:2)
  8 gnolls
  2 river rats (D:11)
  10 adders
  6 shadow imps
  8 white imps
  2 ufetubi
  An ooze (D:1)
  2 adder skeletons (D:4)
  3 worms
  8 ball lightnings (Pan)
  3 dart slugs
  2 leopard geckos
  128 orcs
  10 giant cockroaches
  13 goblins
  A hobgoblin (shapeshifter) (Zig:24)
  12 hobgoblins
  14 kobolds
  6 quokkas
  A ball python (D:4)
  6 bats
  4 frilled lizards
  A jackal skeleton (D:6)
  2 quokka skeletons
  6 rats
  2 blocks of ice (Pan)
  A bush (D:4)
  6 crawling corpses
  A fire vortex (Zig:26)
  2 fungi
  24 plants
  4 starspawn tentacles (Zig:25)
  4 tentacles (Shoals:2)
3400 creatures vanquished.

Vanquished Creatures (collateral kills)
  A Killer Klown (Zig:26)
  2 golden dragons (Zig:24)
  A Brimstone Fiend (Pan)
  A tentacled monstrosity (Pan)
  2 pandemonium lords
  An Ice Fiend (Zig:17)
  Asterion (Snake:4)
  A titan (Vaults:5)
  2 sphinxes (Depths:2)
  Agnes (Snake:1)
  2 nagarajas
  A draconian knight (Zig:27)
  A deep elf sorcerer (Vaults:5)
  A draconian scorcher (Zig:27)
  A vault warden (Vaults:5)
  6 balrugs
  2 cacodemons (Pan)
  A juggernaut zombie (Zig:15)
  Louise (Snake:1)
  A draconian stormcaller (Zig:27)
  A deep elf elementalist (Vaults:5)
  A reaper (Zig:15)
  A caustic shrike skeleton (Zig:20)
  3 very ugly things
  A red draconian (Zig:27)
  A deep elf death mage (Vaults:5)
  4 blizzard demons
  A yaktaur captain (Zig:24)
  A green death (Pan)
  A monstrous demonspawn (Pan)
  3 anacondas
  A spriggan berserker (Depths:2)
  8 sun demons (Pan)
  A soul eater (Pan)
  A salamander mystic (Depths:2)
  A sea snake (Snake:4)
  A spark wasp zombie (Zig:15)
  2 sixfirhies (Pan)
  A deep troll (Depths:5)
  A gelid demonspawn (Pan)
  3 ugly things
  6 salamanders
  A frost giant zombie (Zig:15)
  3 apocalypse crabs
  3 orange demons (Pan)
  A guardian serpent (Snake:4)
  2 black mambas
  A rust devil (Pan)
  An efreet (Pan)
  A demonic crawler (Pan)
  2 ice devils
  A red devil (Pan)
  A spriggan (Lair:6)
  A tarantella (Vaults:2)
  A neqoxec (Pan)
  4 chaos spawn
  A naga (Snake:2)
  A large abomination (Pan)
  A floating eye (shapeshifter) (Zig:22)
  An ice beast (Zig:23)
  An ogre (Vaults:4)
  An elf simulacrum (Zig:23)
  A crimson imp (Pan)
  An orc priest (Zig:13)
  Terence (D:2)
  An adder (D:2)
  A fire vortex (Pan)
108 creatures vanquished.

Vanquished Creatures (others)
  A pandemonium lord (Zig:26)
  An electric golem (Zig:19)
  A titan (Zig:24)
  An Executioner (Pan)
  An eldritch tentacle (Zig:26)
  A draconian monk (Zig:27)
  A draconian knight (Zig:27)
  A balrug (Pan)
  A two-headed ogre (shapeshifter) (Zig:26)
  A death knight (Zig:24)
  A sun demon (Pan)
  2 wizards (Pan)
  A gelid demonspawn (Pan)
  A manticore (Shoals:4)
  A yaktaur (Depths:4)
  4 polar bears (IceCv)
  Sigmund (D:2)
  2 wraiths
  2 yaks (IceCv)
  2 humans (Lair:6)
  An insubstantial wisp (Zig:19)
  4 wolves (IceCv)
  A centaur (Depths:3)
  2 ball lightnings (Pan)
  An orc (Orc:1)
  A briar patch (Zig:21)
  560 fire vortices
  21 fungi
  11 plants
  3 starspawn tentacles (Zig:25)
  7 tentacles (Shoals:2)
  4 withered plants (D:2)
643 creatures vanquished.

Grand Total: 4151 creatures vanquished

Notes
Turn   | Place    | Note
-------+----------+-------------------------------------------
     0 | D:1      | iamserjio the Octopode Wizard began the quest for the Orb.
     0 | D:1      | Reached XP level 1. HP: 11/11 MP: 4/4
   249 | D:1      | Reached XP level 2. HP: 17/17 MP: 1/6
   874 | D:1      | Reached XP level 3. HP: 21/21 MP: 4/7
  1006 | D:2      | Found a basalt altar of Yredelemnul.
  1009 | D:2      | Noticed Terence
  1326 | D:2      | Learned a level 2 spell: Blink
  1330 | D:2      | Learned a level 3 spell: Mephitic Cloud
  1333 | D:2      | Learned a level 2 spell: Call Imp
  1335 | D:2      | Found a faded altar of an unknown god.
  1479 | D:2      | Noticed Robin
  1483 | D:2      | Killed Robin
  1518 | D:1      | Reached XP level 4. HP: 17/27 MP: 6/9
  1860 | D:2      | Found a shimmering altar of Xom.
  2050 | D:2      | Found a radiant altar of Vehumet.
  2112 | D:2      | Noticed Sigmund
  2218 | D:2      | Killed Sigmund
  2218 | D:2      | Reached XP level 5. HP: 23/31 MP: 7/11
  2302 | D:2      | Became a worshipper of Vehumet
  2517 | D:2      | Killed Terence
  2517 | D:2      | Reached XP level 6. HP: 28/36 MP: 0/12
  2967 | D:2      | Found a snail-covered altar of Cheibriados.
  3110 | D:2      | Learned a level 3 spell: Conjure Flame
  3127 | D:3      | Found a hide-covered altar of Uskayaw.
  3507 | D:3      | Noticed Purgy
  4490 | D:3      | Reached skill level 1 in Fire Magic
  4491 | D:3      | Reached skill level 5 in Conjurations
  5560 | D:4      | Reached XP level 7. HP: 41/41 MP: 9/13
  6182 | D:4      | Reached * piety under Vehumet
  6182 | D:4      | Offered knowledge of Flame Tongue by Vehumet.
  6185 | D:4      | Learned a level 1 spell: Flame Tongue
  6919 | D:5      | Entered Level 5 of the Dungeon
  7532 | D:5      | Found a white marble altar of Elyvilon.
  7563 | D:5      | Found a staircase to the Ecumenical Temple.
  7822 | D:6      | Reached skill level 1 in Fighting
  8387 | D:6      | Reached skill level 5 in Spellcasting
  8399 | D:6      | Reached XP level 8. HP: 46/49 MP: 11/15
  8428 | D:6      | Found Bekhlemig's Assorted Antiques.
  8434 | D:6      | Bought a scroll labeled FOOKHL MUSA for 25 gold pieces
  8434 | D:6      | Bought a scroll labeled SIESITSYOS for 25 gold pieces
  8434 | D:6      | Bought a buckler for 112 gold pieces
  8434 | D:6      | Bought a coppery potion for 22 gold pieces
  8434 | D:6      | Bought a sedimented inky potion for 22 gold pieces
  8523 | D:6      | Reached skill level 1 in Shields
  9317 | D:7      | Reached ** piety under Vehumet
  9317 | D:7      | Offered knowledge of Sting by Vehumet.
  9429 | D:7      | Reached skill level 5 in Fire Magic
  9956 | D:7      | Reached XP level 9. HP: 14/54 MP: 7/17
 10491 | D:8      | Noticed Joseph
 10907 | D:8      | Found a hazy altar of Hepliaklqana.
 11312 | D:9      | Found a shimmering altar of Xom.
 11512 | D:9      | Found a transporter.
 11528 | D:9      | Found a transporter.
 11875 | D:9      | Offered knowledge of Throw Flame by Vehumet.
 11917 | D:9      | Learned a level 2 spell: Throw Flame
 12179 | D:10     | Entered Level 10 of the Dungeon
 12251 | D:10     | Noticed a hornet
 12256 | D:10     | Killed a hornet
 12421 | D:10     | Found a staircase to the Orcish Mines.
 12799 | D:10     | Noticed a cyclops
 13204 | D:10     | Noticed a deep elf mage
 13212 | D:10     | Killed a deep elf mage
 13212 | D:10     | Reached XP level 10. HP: 63/63 MP: 9/19
 13231 | D:10     | Noticed a cyclops
 13255 | D:10     | Killed a cyclops
 13940 | D:8      | Killed Joseph
 14216 | D:8      | Noticed Erica
 14244 | D:8      | Noticed Grum
 14843 | D:11     | Found a frozen archway.
 14843 | D:11     | Noticed a purple ugly thing
 14860 | D:11     | Killed a purple ugly thing
 14975 | D:11     | Reached *** piety under Vehumet
 14984 | D:11     | Reached skill level 5 in Fighting
 15123 | IceCv    | Entered an ice cave
 15131 | IceCv    | Reached XP level 11. HP: 59/72 MP: 9/22
 16275 | IceCv    | Got a pitted ivory ring
 16281 | IceCv    | Identified the ring of Wodoxiol {*Contam +Fly rN+ Int+6} (You found it in an ice cave)
 16511 | IceCv    | Reached skill level 5 in Dodging
 17404 | IceCv    | Offered knowledge of Iskenderun's Mystic Blast by Vehumet.
 17596 | IceCv    | Learned a level 4 spell: Iskenderun's Mystic Blast
 17620 | IceCv    | Noticed a death yak
 17668 | IceCv    | Reached skill level 10 in Fire Magic
 17982 | IceCv    | Killed a death yak
 18199 | IceCv    | Reached XP level 12. HP: 66/80 MP: 17/24
 18378 | IceCv    | Noticed a frost giant
 18696 | D:11     | Noticed a death yak
 18697 | D:11     | Noticed a death yak
 18700 | D:11     | Noticed a death yak
 18703 | D:11     | Found a staircase to the Lair.
 18757 | D:10     | Killed a death yak
 19628 | D:11     | Reached **** piety under Vehumet
 20302 | D:11     | Found Ediniott's Weapon Shop.
 20401 | D:11     | Killed a death yak
 20777 | D:11     | Noticed Erolcha
 20788 | D:11     | Killed Erolcha
 21898 | Orc:1    | Entered Level 1 of the Orcish Mines
 21903 | Orc:1    | Noticed an orc warlord
 22006 | Lair:1   | Entered Level 1 of the Lair of Beasts
 22138 | Lair:1   | Identified a scroll of acquirement
 22142 | Lair:1   | Noticed a four-headed hydra
 22148 | Lair:1   | Killed a four-headed hydra
 22595 | Lair:1   | Noticed an eight-headed hydra
 22602 | Lair:1   | Killed an eight-headed hydra
 22825 | Lair:1   | Reached skill level 10 in Conjurations
 23702 | Lair:1   | Reached XP level 13. HP: 41/88 MP: 3/26
 24280 | Lair:1   | Offered knowledge of Inner Flame by Vehumet.
 26165 | Lair:2   | Found a staircase to the Snake Pit.
 26256 | Lair:2   | Reached skill level 5 in Stealth
 27542 | Lair:3   | Found a staircase to the Shoals.
 29525 | Lair:5   | Learned a level 3 spell: Inner Flame
 29547 | Lair:5   | Upgraded the game from 0.22-a0-406-g9ff8d77 to 0.22-a0-407-gb098539
 30578 | Lair:5   | Found a shimmering altar of Xom.
 30867 | Lair:6   | Entered Level 6 of the Lair of Beasts
 30889 | Lair:6   | Reached XP level 14. HP: 47/97 MP: 10/27
 31254 | Lair:6   | Reached skill level 10 in Spellcasting
 31651 | Lair:6   | Reached ***** piety under Vehumet
 31651 | Lair:6   | Offered knowledge of Bolt of Magma by Vehumet.
 32435 | Lair:6   | Learned a level 5 spell: Bolt of Magma
 33139 | Lair:6   | Found a staircase to the Slime Pits.
 33256 | Lair:6   | Learned a level 1 spell: Apportation
 33375 | Lair:6   | Noticed Kirke
 33384 | Lair:6   | Killed Kirke
 35990 | Lair:6   | Got a warped copper ring
 35991 | Lair:6   | Identified the ring of Tension {rPois AC+4 Str-2 Int+7 Stlth+} (You acquired it on level 6 of the Lair of Beasts)
 35996 | Lair:6   | Got a crystal whip
 36697 | D:12     | Identified the +11 whip "Neunkam" {venom, rC+} (You found it on level 6 of the Lair of Beasts)
 38332 | D:12     | Got an ancient hunting sling
 38456 | D:12     | Reached skill level 10 in Fighting
 38735 | D:13     | Offered knowledge of Bolt of Fire by Vehumet.
 38818 | D:13     | Learned a level 6 spell: Bolt of Fire
 39415 | D:13     | Reached XP level 15. HP: 61/103 MP: 3/29
 40544 | D:13     | Found a gate to the Vaults.
 40903 | D:13     | Reached skill level 10 in Dodging
 42143 | D:14     | Offered knowledge of Iron Shot by Vehumet.
 42869 | D:14     | Learned a level 6 spell: Iron Shot
 42871 | D:15     | Entered Level 15 of the Dungeon
 43326 | D:15     | Reached skill level 1 in Earth Magic
 43875 | D:15     | Identified the +9 hunting sling of Extremism {freeze, MR+ Dex+6} (You found it on level 12 of the Dungeon)
 43884 | D:15     | Got a blackened scimitar
 44135 | D:15     | Found a blossoming altar of Fedhas.
 44822 | D:15     | Identified the +4 scimitar "Arcanum" {slice, rElec rN+} (You found it on level 15 of the Dungeon)
 44845 | D:15     | Got an ichor-stained buckler
 44856 | D:15     | Identified the +3 buckler of Bedevilment {rC+} (You found it on level 15 of the Dungeon)
 45362 | D:15     | Offered knowledge of Fireball by Vehumet.
 45552 | D:15     | Learned a level 5 spell: Fireball
 46157 | D:15     | Found a staircase to the Depths.
 46323 | Orc:1    | Noticed Maurice
 46325 | Orc:1    | Killed Maurice
 46676 | D:10     | Killed an orc warlord
 47141 | Orc:2    | Entered Level 2 of the Orcish Mines
 47141 | Orc:2    | Found a staircase to the Elven Halls.
 47143 | Orc:2    | Reached XP level 16. HP: 112/112 MP: 31/31
 47387 | Orc:2    | Found a roughly hewn altar of Beogh.
 47391 | Orc:2    | Found Utaste Zixt's Magic Scroll Emporium.
 47457 | Orc:2    | Bought a scroll of identify for 22 gold pieces
 47457 | Orc:2    | Bought a scroll of teleportation for 33 gold pieces
 47457 | Orc:2    | Bought a scroll of blinking for 82 gold pieces
 47457 | Orc:2    | Bought a scroll of identify for 22 gold pieces
 47459 | Orc:2    | Bought 2 scrolls of identify for 44 gold pieces
 47498 | Orc:1    | Paralysed by an orc sorcerer for 7 turns
 47505 | Orc:1    | Noticed Gorice's ghost (journeyman DEFE)
 48529 | Orc:2    | Reached skill level 5 in Earth Magic
 48887 | Orc:2    | Found Eguqan's Antique Armour Boutique.
 48891 | Orc:2    | Found Keogyh's Antique Weapon Shop.
 48892 | Orc:2    | Found a roughly hewn altar of Beogh.
 49097 | Orc:2    | Noticed Rupert
 49103 | Orc:2    | Killed Rupert
 49363 | Orc:2    | Found a roughly hewn altar of Beogh.
 49453 | Orc:2    | Found a roughly hewn altar of Beogh.
 49460 | Orc:2    | Found a roughly hewn altar of Beogh.
 49590 | Orc:2    | Found a roughly hewn altar of Beogh.
 49592 | Orc:2    | Found Unoukegg's General Store.
 49671 | Orc:2    | Bought a potion of resistance for 140 gold pieces
 49671 | Orc:2    | Bought a scroll of fear for 49 gold pieces
 49671 | Orc:2    | Bought a potion of agility for 56 gold pieces
 49714 | Orc:2    | Found a roughly hewn altar of Beogh.
 50259 | Orc:1    | Killed Gorice's ghost
 51185 | Elf:1    | Entered Level 1 of the Elven Halls
 51814 | Elf:1    | Found a radiant altar of Vehumet.
 52519 | Elf:1    | Found Tuts's Food Boutique.
 53447 | Elf:2    | Offered knowledge of Orb of Destruction by Vehumet.
 53566 | Elf:2    | Reached XP level 17. HP: 113/119 MP: 33/33
 53973 | Elf:2    | Found a runed gate.
 53973 | Elf:2    | Found a runed gate.
 53973 | Elf:2    | Found a runed gate.
 54367 | Elf:2    | Found Azusash's General Store.
 54375 | Elf:2    | Bought a scroll of fear for 35 gold pieces
 54375 | Elf:2    | Bought a scroll of blinking for 75 gold pieces
 54375 | Elf:2    | Bought an uncursed ring of poison resistance for 200 gold pieces
 54426 | Elf:2    | Reached skill level 15 in Fire Magic
 54551 | Elf:3    | Entered Level 3 of the Elven Halls
 55516 | Elf:3    | Learned a level 7 spell: Orb of Destruction
 55517 | Elf:3    | Noticed a deep elf blademaster
 55614 | Elf:3    | Killed a deep elf blademaster
 55855 | Elf:3    | Noticed a deep elf blademaster
 55858 | Elf:3    | Killed a deep elf blademaster
 55893 | Elf:3    | Killed a ghostly deep elf blademaster
 56579 | Elf:3    | Reached XP level 18. HP: 127/127 MP: 35/35
 56814 | Elf:3    | Noticed a deep elf master archer
 57204 | Elf:3    | Killed a deep elf master archer
 57771 | D:15     | Learned a level 2 spell: Shroud of Golubria
 57773 | Depths:1 | Entered Level 1 of the Depths
 58396 | D:15     | Offered knowledge of Spellforged Servitor by Vehumet.
 59624 | D:15     | Reached skill level 15 in Conjurations
 59828 | Shoals:1 | Entered Level 1 of the Shoals
 60544 | Shoals:2 | Noticed Polyphemus
 60682 | Shoals:2 | Killed Polyphemus
 61058 | Shoals:2 | Learned a level 7 spell: Spellforged Servitor
 61202 | Shoals:2 | Reached XP level 19. HP: 63/135 MP: 2/37
 61490 | Shoals:2 | Got a jewelled falchion
 61808 | Shoals:1 | Identified the cursed +0 falchion of Tension {freeze, rF- Int+5} (You found it on level 2 of the Shoals)
 62079 | Shoals:3 | Noticed Nikola
 62088 | Shoals:3 | Killed Nikola
 62461 | Shoals:3 | Learned a level 1 spell: Beastly Appendage
 62827 | Shoals:3 | Reached skill level 1 in Transmutations
 63135 | Shoals:4 | Entered Level 4 of the Shoals
 63139 | Shoals:4 | Noticed Ilsuiw
 63257 | Shoals:4 | Found Virhar's Antique Armour Shoppe.
 63637 | Shoals:3 | Got a flickering copper ring
 63638 | Shoals:3 | Identified the ring "Jufog" {+Fly rPois Str+3} (You acquired it on level 3 of the Shoals)
 63968 | Snake:1  | Entered Level 1 of the Snake Pit
 64194 | Snake:1  | Noticed Louise
 64202 | Snake:1  | Killed Louise
 64279 | Snake:1  | Reached ****** piety under Vehumet
 64908 | Snake:1  | Noticed Agnes
 64913 | Snake:1  | Killed Agnes
 65332 | Snake:1  | Noticed Frances
 65339 | Snake:1  | Killed Frances
 65845 | Snake:2  | Offered knowledge of Conjure Ball Lightning by Vehumet.
 65930 | Snake:2  | Reached skill level 15 in Spellcasting
 66166 | Snake:2  | Got a polished buckler
 66169 | Snake:2  | Identified the +1 buckler of Zacatzya {Str+2} (You found it on level 2 of the Snake Pit)
 66266 | Snake:2  | Found Vuhaukku's Weapon Shop.
 66751 | Snake:2  | Noticed Saint Roka
 66756 | Snake:2  | Killed Saint Roka
 66756 | Snake:2  | Reached skill level 5 in Transmutations
 67080 | Snake:3  | Found Lulet's Weapon Boutique.
 67787 | Snake:3  | Found Ecle's General Store.
 67803 | Snake:3  | Reached XP level 20. HP: 143/143 MP: 39/39
 67881 | Snake:3  | Noticed Aizul
 67884 | Snake:3  | Killed Aizul
 67926 | Snake:3  | Offered knowledge of Fire Storm by Vehumet.
 67926 | Snake:3  | Offered knowledge of Shatter by Vehumet.
 67926 | Snake:3  | Offered knowledge of Chain Lightning by Vehumet.
 68578 | Snake:3  | Found Plog's Distillery.
 68587 | Snake:3  | Bought a potion of curing for 30 gold pieces
 68587 | Snake:3  | Bought a potion of invisibility for 80 gold pieces
 68587 | Snake:3  | Bought a potion of experience for 500 gold pieces
 68587 | Snake:3  | Bought a potion of cancellation for 80 gold pieces
 68587 | Snake:3  | Reached XP level 21. HP: 148/148 MP: 40/40
 69001 | Snake:4  | Entered Level 4 of the Snake Pit
 69001 | Snake:4  | Found Udotu's Distillery.
 69016 | Snake:4  | Noticed Asterion
 70061 | Snake:4  | Killed Asterion
 70488 | Snake:4  | Learned a level 6 spell: Statue Form
 70700 | Snake:4  | Identified the +6 dagger of Expedience {speed, rElec} (You found it on level 4 of the Snake Pit)
 71512 | Snake:4  | Noticed dstrtnsr's ghost (journeyman MiBe)
 71517 | Snake:4  | Killed dstrtnsr's ghost
 72938 | Snake:4  | Bought 2 potions of curing for 90 gold pieces
 72938 | Snake:4  | Bought a potion of curing for 45 gold pieces
 72938 | Snake:4  | Bought a potion of brilliance for 60 gold pieces
 72938 | Snake:4  | Bought a potion of cancellation for 120 gold pieces
 72938 | Snake:4  | Bought a potion of haste for 150 gold pieces
 72938 | Snake:4  | Bought a potion of brilliance for 60 gold pieces
 73069 | Snake:4  | Reached skill level 15 in Fighting
 73072 | Snake:4  | Got a serpentine rune of Zot
 73753 | Shoals:4 | Killed Ilsuiw
 74191 | Shoals:4 | Found the amulet of Vitality {Regen+ HP+15}
 74358 | Shoals:4 | Got a barnacled rune of Zot
 74529 | Shoals:4 | Reached XP level 22. HP: 157/157 MP: 42/42
 74635 | Shoals:4 | Got an ebony great mace
 74638 | Shoals:4 | Identified the +6 great mace "Haclug" {holy, +Rage +Fly rElec} (You found it on level 4 of the Shoals)
 74852 | Shoals:4 | Learned a level 8 spell: Ignition
 75032 | Slime:1  | Entered Level 1 of the Pits of Slime
 76829 | Slime:3  | Paralysed by a great orb of eyes for 7 turns
 77068 | Slime:4  | Paralysed by a great orb of eyes for 7 turns
 77208 | Slime:5  | Entered Level 5 of the Pits of Slime
 77223 | Slime:5  | Noticed the Royal Jelly
 77620 | Slime:5  | Killed the Royal Jelly
 77620 | Slime:5  | Reached XP level 23. HP: 162/162 MP: 30/44
 78365 | Slime:5  | Got a slimy rune of Zot
 78378 | Slime:5  | Got a bloodstained arbalest
 78407 | Slime:5  | Identified the +9 dagger of Blood-Lust {drain, +Fly} (You found it on level 5 of the Pits of Slime)
 78417 | Slime:5  | Identified the +3 hunting sling "Hydra's Bane" {velocity, Int+5 Dex+2} (You found it on level 5 of the Pits of Slime)
 79074 | Depths:1 | Noticed a golden dragon
 79078 | Depths:1 | Killed a golden dragon
 79534 | Depths:1 | Found a one-way gate leading to the halls of Pandemonium.
 79864 | Depths:1 | Found Cutux's Commerce Corner.
 80070 | Depths:1 | Found a gateway to Hell.
 81050 | Depths:2 | Noticed a juggernaut
 81057 | Depths:2 | Killed a juggernaut
 81571 | Depths:3 | Found Tiaxi's Gadget Shop.
 81582 | Depths:3 | Noticed Dargar's ghost (veteran GrFi)
 81831 | Depths:2 | Found Anaycs's Assorted Antiques.
 81834 | Depths:2 | Bought a sapphire dagger for 154 gold pieces
 81834 | Depths:2 | Bought a scroll of magic mapping for 77 gold pieces
 81834 | Depths:2 | Bought a small filigree amulet for 110 gold pieces
 81834 | Depths:2 | Bought an ebony short sword for 176 gold pieces
 81835 | Depths:2 | Identified the cursed +0 dagger of Iconoclasm {venom, rPois} (You bought it in a shop on level 2 of the Depths)
 81836 | Depths:2 | Identified the cursed +3 short sword of Imbalance {vamp, MR+ Str+5} (You bought it in a shop on level 2 of the Depths)
 82612 | Depths:3 | Reached XP level 24. HP: 171/171 MP: 45/45
 82616 | Depths:3 | Noticed Sojobo
 82718 | Depths:3 | Killed Sojobo
 82725 | Depths:3 | Killed Dargar's ghost
 83026 | Depths:3 | Got a dazzling hand crossbow {flame}
 83027 | Depths:3 | Identified the +11 hand crossbow "Atis" {flame, +Blink rF- rN+ Int+4} (You took it off a yaktaur on level 3 of the Depths)
 83121 | Depths:3 | Noticed Xtahua
 83126 | Depths:3 | Killed Xtahua
 83599 | Depths:3 | Found a one-way gate to the infinite horrors of the Abyss.
 84384 | Depths:4 | Identified the +2 whip of Himod {drain, rPois rF++} (You found it on level 4 of the Depths)
 84513 | Depths:4 | Noticed a juggernaut
 84519 | Depths:4 | Killed a juggernaut
 84674 | Depths:4 | Identified the ring "Gitaryask" {Wiz rElec rF+ rC+ Dex-4} (You found it on level 4 of the Depths)
 84689 | Depths:4 | Learned a level 9 spell: Fire Storm
 84690 | Depths:4 | Identified the +2 scimitar of the Wraith {drain, *Rage Str+5 Dex+2 SInv} (You found it on level 4 of the Depths)
 84873 | Depths:4 | Paralysed by a great orb of eyes for 5 turns
 85656 | Depths:5 | Entered Level 5 of the Depths
 86520 | Depths:5 | Reached XP level 25. HP: 180/180 MP: 46/46
 86722 | Depths:5 | Found a gate to the Realm of Zot.
 87189 | Depths:5 | Found a gateway to a ziggurat.
 87683 | Zig:1    | Entered Level 1 of a ziggurat
 87701 | Zig:2    | Entered Level 2 of a ziggurat
 87764 | Zig:3    | Entered Level 3 of a ziggurat
 87797 | Zig:3    | Identified the +2 long sword "Biew" {slice, rElec Dex+5} (You found it on level 3 of a ziggurat)
 87807 | Zig:4    | Entered Level 4 of a ziggurat
 87882 | Zig:5    | Entered Level 5 of a ziggurat
 87903 | Zig:5    | Identified the amulet of Paimmeust {Faith rElec rPois Str+2 Slay-5} (You found it on level 5 of a ziggurat)
 87917 | Zig:6    | Entered Level 6 of a ziggurat
 87946 | Zig:7    | Entered Level 7 of a ziggurat
 88102 | Zig:8    | Entered Level 8 of a ziggurat
 88111 | Zig:8    | Found the +4 arc blade {discharge, rElec}
 88162 | Zig:9    | Entered Level 9 of a ziggurat
 88225 | Zig:9    | Identified the +3 quarterstaff of Keughij {antimagic, rPois Int+4} (You found it on level 9 of a ziggurat)
 88327 | Zig:10   | Entered Level 10 of a ziggurat
 88336 | Zig:10   | Noticed a Killer Klown
 88338 | Zig:10   | Noticed Qigeva the pandemonium lord
 88339 | Zig:10   | Killed Qigeva the pandemonium lord
 88340 | Zig:10   | Killed a Killer Klown
 88789 | Zig:11   | Entered Level 11 of a ziggurat
 88964 | Zig:11   | Identified Sif Muna's Papyrus of Bewitching Battle Magic
 88968 | Zig:11   | Got a bound granite ring
 88975 | Zig:11   | Identified the ring of the Imp {+Inv rPois rF+ rC- Int+5} (You found it on level 11 of a ziggurat)
 88980 | Zig:11   | Reached XP level 26. HP: 191/191 MP: 47/47
 89031 | Zig:12   | Entered Level 12 of a ziggurat
 89059 | Zig:12   | Reached XP level 27. HP: 191/197 MP: 47/47
 89078 | Zig:12   | Identified the Catalogue of Confrontation
 89228 | Zig:13   | Entered Level 13 of a ziggurat
 89241 | Zig:13   | Noticed a juggernaut
 89243 | Zig:13   | Noticed a juggernaut
 89243 | Zig:13   | Noticed a juggernaut
 89243 | Zig:13   | Noticed a juggernaut
 89244 | Zig:13   | Killed a juggernaut
 89244 | Zig:13   | Killed a juggernaut
 89244 | Zig:13   | Killed a juggernaut
 89245 | Zig:13   | Killed a juggernaut
 89258 | Zig:13   | Identified the Grimoire of Flight and Execration
 89302 | Zig:14   | Entered Level 14 of a ziggurat
 89317 | Zig:14   | Found the +2 ratskin cloak {+Rats rPois rN+ Str-1 Int-1 Dex+1}
 89324 | Zig:15   | Entered Level 15 of a ziggurat
 89588 | Zig:15   | Identified the Grimoire of Shifting Toxins
 89615 | Zig:15   | Got a twitching lead ring
 89617 | Zig:15   | Lost strength.
 89617 | Zig:15   | Identified the ring of the Empire {rElec rN+++ Str-5 Dex+3 Slay+4} (You found it on level 15 of a ziggurat)
 89645 | Zig:16   | Entered Level 16 of a ziggurat
 89805 | Zig:16   | Identified the Catalogue of Sinister Attacks
 89880 | Zig:17   | Entered Level 17 of a ziggurat
 89925 | Zig:17   | Identified Sif Muna's Papyrus of Creative Earth
 90025 | Zig:18   | Entered Level 18 of a ziggurat
 90043 | Zig:18   | Reached skill level 15 in Dodging
 90189 | Zig:18   | Got a shimmering tin amulet
 90211 | Zig:18   | Identified the amulet "Hehai" {Spirit rC+++ MR+ Int-3 Dex+2} (You found it on level 18 of a ziggurat)
 90224 | Zig:19   | Entered Level 19 of a ziggurat
 90366 | Zig:19   | Got a flickering lead ring
 90368 | Zig:19   | Got a sparkling granite ring
 90374 | Zig:19   | Got a faintly glowing jade amulet
 90387 | Zig:19   | Identified the ring "Vaupem" {*Drain AC+5 Dex+4} (You found it on level 19 of a ziggurat)
 90389 | Zig:19   | Identified the ring "Ufax" {MR+ Str+6} (You found it on level 19 of a ziggurat)
 90490 | Zig:20   | Entered Level 20 of a ziggurat
 90534 | Zig:20   | Found the +10 morningstar "Eos" {elec, Halo rElec}
 90536 | Zig:20   | Found the +2 hat of the Bear Spirit {Spirit, +Rage rN+ MR++}
 90587 | Zig:20   | Identified the Grimoire of Twisted Curses
 90626 | Zig:20   | Got a scorched silver ring
 90634 | Zig:20   | Identified the ring of Adweota {+Fly rC+ MR+ Str+4} (You found it on level 20 of a ziggurat)
 91032 | Zig:21   | Entered Level 21 of a ziggurat
 91082 | Zig:21   | Got a vibrating golden ring
 91097 | Zig:21   | Identified Ruixt's Tome of the Oath
 91191 | Zig:21   | Got a coiled granite ring
 91203 | Zig:21   | Identified the ring of Voenaxa {+Fly rF+ rC- AC+1} (You found it on level 21 of a ziggurat)
 91207 | Zig:21   | Identified the ring of Jeneddalaxt {rCorr SInv} (You found it on level 21 of a ziggurat)
 91222 | Zig:22   | Entered Level 22 of a ziggurat
 91238 | Zig:22   | Noticed Qefris the pandemonium lord
 91241 | Zig:22   | Noticed Huon the pandemonium lord
 91241 | Zig:22   | Killed Qefris the pandemonium lord
 91243 | Zig:22   | Killed Huon the pandemonium lord
 91244 | Zig:22   | Killed Innulum the pandemonium lord
 91245 | Zig:22   | Noticed Ifixkaif the pandemonium lord
 91246 | Zig:22   | Killed Ifixkaif the pandemonium lord
 91247 | Zig:22   | Noticed Laroch the pandemonium lord
 91247 | Zig:22   | Killed Laroch the pandemonium lord
 91247 | Zig:22   | Reached skill level 10 in Stealth
 91249 | Zig:22   | Noticed Nottoh the pandemonium lord
 91249 | Zig:22   | Noticed Guarriag the pandemonium lord
 91249 | Zig:22   | Killed Bemang the pandemonium lord
 91251 | Zig:22   | Noticed Yxaitong the pandemonium lord
 91251 | Zig:22   | Killed Vigh the pandemonium lord
 91255 | Zig:22   | Killed Guarriag the pandemonium lord
 91258 | Zig:22   | Killed Yxaitong the pandemonium lord
 91260 | Zig:22   | Noticed Cytzouw the pandemonium lord
 91261 | Zig:22   | Killed Cytzouw the pandemonium lord
 91266 | Zig:22   | Killed Nottoh the pandemonium lord
 91267 | Zig:22   | Noticed Zulu the pandemonium lord
 91267 | Zig:22   | Killed Zulu the pandemonium lord
 91276 | Zig:22   | Killed Osmyoll the pandemonium lord
 91278 | Zig:22   | Noticed Egearghy the pandemonium lord
 91283 | Zig:22   | Killed Egearghy the pandemonium lord
 91677 | Zig:22   | Got a fine turquoise ring
 91679 | Zig:22   | Got a shimmering marble ring
 91685 | Zig:22   | Identified the ring "Toilu" {rCorr *Corrode rC+ MR+} (You found it on level 22 of a ziggurat)
 91688 | Zig:22   | Identified the ring "Menu" {+Inv rC+} (You found it on level 22 of a ziggurat)
 91700 | Zig:23   | Entered Level 23 of a ziggurat
 91725 | Zig:23   | Reached skill level 15 in Stealth
 91742 | Zig:23   | Found the +6 shillelagh "Devastator" {shatter}
 91744 | Zig:23   | Found the +15 Maxwell's patent armour {-Cast -Tele rElec MR+ rCorr}
 91919 | Zig:23   | Identified the Papyrus of Cankerous Calling
 91926 | Zig:24   | Entered Level 24 of a ziggurat
 91951 | Zig:24   | Noticed a juggernaut
 91952 | Zig:24   | Noticed an ancient lich
 91953 | Zig:24   | Noticed an ancient lich
 91953 | Zig:24   | Killed an ancient lich
 91953 | Zig:24   | Killed a juggernaut
 91954 | Zig:24   | Killed an ancient lich
 91955 | Zig:24   | Killed an ancient lich
 91958 | Zig:24   | Noticed an ancient lich
 91958 | Zig:24   | Killed an ancient lich
 92040 | Zig:24   | Noticed an ancient lich
 92050 | Zig:24   | Killed an ancient lich
 92118 | Zig:24   | Identified Sif Muna's Collected Works on Frigorific Venom
 92123 | Zig:24   | Identified the Disquisition on Poisonous Changing
 92143 | Zig:25   | Entered Level 25 of a ziggurat
 92546 | Zig:25   | Identified the Volume of the Shifting Frostbite
 92571 | Zig:25   | Identified the amulet of Suspicion {RegenMP *Slow Fragile Str+8 SInv} (You found it on level 19 of a ziggurat)
 92576 | Zig:25   | Identified the Disquisition on Warped Battle Magic
 92588 | Zig:25   | Got a slimy lead ring
 92590 | Zig:25   | Identified the cursed ring "Raxiwk" {rElec Int-2} (You found it on level 25 of a ziggurat)
 92601 | Zig:25   | Got a faintly glowing golden ring
 92610 | Zig:25   | Identified the ring of Huasirgh {rPois MR+} (You found it on level 25 of a ziggurat)
 92622 | Zig:26   | Entered Level 26 of a ziggurat
 92644 | Zig:26   | Noticed Ojom the pandemonium lord
 92644 | Zig:26   | Noticed Yxtifeca the pandemonium lord
 92646 | Zig:26   | Noticed Vayrax the pandemonium lord
 92647 | Zig:26   | Noticed Ithejujai the pandemonium lord
 92647 | Zig:26   | Noticed Biat Nao the pandemonium lord
 92650 | Zig:26   | Killed Yxtifeca the pandemonium lord
 92651 | Zig:26   | Killed Ojom the pandemonium lord
 92652 | Zig:26   | Noticed Zuamutt the pandemonium lord
 92652 | Zig:26   | Noticed Orish the pandemonium lord
 92652 | Zig:26   | Noticed Vuyduida the pandemonium lord
 92652 | Zig:26   | Killed Ithejujai the pandemonium lord
 92655 | Zig:26   | Noticed Zodi the pandemonium lord
 92655 | Zig:26   | Noticed Abiemilu the pandemonium lord
 92655 | Zig:26   | Killed Zuamutt the pandemonium lord
 92655 | Zig:26   | Killed Biat Nao the pandemonium lord
 92657 | Zig:26   | Noticed Qyteffew the pandemonium lord
 92657 | Zig:26   | Noticed Ween the pandemonium lord
 92658 | Zig:26   | Noticed Nieshi the pandemonium lord
 92659 | Zig:26   | Noticed Luplulon the pandemonium lord
 92660 | Zig:26   | Noticed Geiptyhi the pandemonium lord
 92660 | Zig:26   | Noticed Dunt the pandemonium lord
 92662 | Zig:26   | Noticed Ujuinog the pandemonium lord
 92662 | Zig:26   | Killed Luplulon the pandemonium lord
 92662 | Zig:26   | Killed Dunt the pandemonium lord
 92663 | Zig:26   | Killed Geiptyhi the pandemonium lord
 92664 | Zig:26   | Killed Nieshi the pandemonium lord
 92666 | Zig:26   | Killed Vuyduida the pandemonium lord
 92681 | Zig:26   | Killed Abiemilu the pandemonium lord
 92683 | Zig:26   | Killed Zodi the pandemonium lord
 92685 | Zig:26   | Killed Ujuinog the pandemonium lord
 92714 | Zig:26   | Got a slimy jade amulet
 92717 | Zig:26   | Got a pitted turquoise ring
 92723 | Zig:26   | Identified the amulet "Mojeap" {Gourm SInv} (You found it on level 26 of a ziggurat)
 92730 | Zig:26   | Identified the Incunabulum of Clay and Calling
 92734 | Zig:26   | Killed Ween the pandemonium lord
 92748 | Zig:26   | Killed Vayrax the pandemonium lord
 92970 | Zig:26   | Killed Orish the pandemonium lord
 92987 | Zig:26   | Killed Qyteffew the pandemonium lord
 93233 | Zig:26   | Identified the ring of Sunlight {rPois Str+4} (You found it on level 26 of a ziggurat)
 93240 | Zig:27   | Entered Level 27 of a ziggurat
 93522 | Zig:27   | Found the ring of Shadows {Umbra +Inv Stlth+}
 93522 | Zig:27   | Found the +10 Black Knight's horse barding {ponderous, rPois rN+}
 93532 | Zig:27   | Identified Eleorph's Almanac of the Compass and Snow
 93559 | Zig:27   | Identified the Incunabulum of Lightness and Shape Shifting
 93574 | Zig:27   | Got a bone quarterstaff
 93591 | Zig:27   | Identified the Incunabulum of Clay
 94112 | Vaults:1 | Entered Level 1 of the Vaults
 94855 | Vaults:2 | Noticed Gorglomux's ghost (adept TrFi)
 94863 | Vaults:2 | Killed Gorglomux's ghost
 95112 | Vaults:2 | Reached skill level 27 in Fighting
 95166 | Vaults:2 | Found a staircase to the Crypt.
 95313 | Vaults:2 | Noticed Jorgrun
 95316 | Vaults:2 | Killed Jorgrun
 95910 | Vaults:5 | Entered Level 5 of the Vaults
 96261 | Vaults:5 | Got a crude tin ring
 96296 | Vaults:5 | Found the +2 cloak of the Thief {+Fog Slay-2 SInv Stlth+}
 96299 | Vaults:5 | Got a silver rune of Zot
 96444 | Vaults:5 | Reached skill level 5 in Shields
 96545 | Vaults:5 | Identified the ring of Yhothru {Str+4 Stlth-} (You found it on level 5 of the Vaults)
 96549 | Vaults:5 | Got a bound amber ring
 96550 | Vaults:5 | Identified the ring "Lishat" {*Slow rN+ Dex+5 SInv} (You took it off a vault warden on level 5 of the Vaults)
 96912 | Vaults:5 | Got a faintly glowing turquoise ring
 96932 | Vaults:5 | Learned a level 9 spell: Shatter
 96932 | Vaults:5 | Identified the ring of Giathruri {Wiz rElec rPois Str-2} (You found it on level 5 of the Vaults)
 97856 | Vaults:5 | Learned a level 3 spell: Regeneration
 97862 | Vaults:5 | Learned a level 5 spell: Aura of Abjuration
 98315 | Vaults:5 | Found the +3 hat of Pondering {ponderous, MR+ MP+10 Int+5}
 99022 | Vaults:2 | Identified the ring of the Ancient Eyes {rPois Slay+2} (You acquired it on level 2 of the Vaults)
 99349 | Vaults:3 | Reached skill level 27 in Spellcasting
 99490 | Vaults:3 | Identified the amulet of Inijalih {Faith *Contam rF+ MP+9 Int+5} (You acquired it on level 3 of the Vaults)
100510 | Vaults:4 | Found Rappuwo's Food Emporium.
100552 | Vaults:4 | Bought a ration for 70 gold pieces
100552 | Vaults:4 | Bought a ration for 70 gold pieces
100552 | Vaults:4 | Bought a ration for 70 gold pieces
100552 | Vaults:4 | Bought a ration for 70 gold pieces
100552 | Vaults:4 | Bought a ration for 70 gold pieces
100552 | Vaults:4 | Bought a ration for 70 gold pieces
100552 | Vaults:4 | Bought a ration for 70 gold pieces
100552 | Vaults:4 | Bought a ration for 70 gold pieces
100919 | Vaults:4 | Reached skill level 10 in Shields
101299 | Vaults:4 | Found the +3 giant club "Skullcrusher" {speed, Str+7}
101858 | Orc:2    | Bought a runed shield for 232 gold pieces
102199 | Depths:1 | Bought a potion of cancellation for 192 gold pieces
102621 | Pan      | Entered Pandemonium
103065 | Pan      | Reached skill level 10 in Earth Magic
104339 | Pan      | Noticed Mennas
104377 | Pan      | Noticed Mivekoan the pandemonium lord
104388 | Pan      | Killed Mivekoan the pandemonium lord
104603 | Pan      | Reached skill level 1 in Evocations
104704 | Pan      | Killed Mennas
105506 | Pan      | Entered the realm of Lom Lobon.
105508 | Pan      | Noticed Lom Lobon
105516 | Pan      | Killed Lom Lobon
105516 | Pan      | Reached skill level 5 in Evocations
105576 | Pan      | Got a magical rune of Zot
106137 | Pan      | Noticed Otehygh the pandemonium lord
106145 | Pan      | Killed Otehygh the pandemonium lord
106158 | Pan      | Got a demonic rune of Zot
106258 | Pan      | Noticed Uxaystriogo the pandemonium lord
106263 | Pan      | Reached skill level 15 in Earth Magic
106268 | Pan      | Killed Uxaystriogo the pandemonium lord
106569 | Pan      | Found a runed door.
106944 | Pan      | Entered the realm of Mnoleg.
107135 | Pan      | Gained mutation: You are frail. (-10% HP) [a cacodemon]
107152 | Pan      | Reached skill level 10 in Evocations
107168 | Pan      | Noticed Mnoleg
107175 | Pan      | Killed Mnoleg
107372 | Pan      | Got a glowing rune of Zot
107585 | Pan      | Noticed Doxtasu the pandemonium lord
107587 | Pan      | Killed Doxtasu the pandemonium lord
107813 | Pan      | Noticed Lan Bayf the pandemonium lord
107814 | Pan      | Killed Lan Bayf the pandemonium lord
107905 | Pan      | Entered the realm of Cerebov.
108272 | Pan      | Noticed Cerebov
108283 | Pan      | Killed from afar by Cerebov

Vault maps used:
D:1:      roderic_chinese_lattice_arrival
D:2:      yredelemnul_altar_generic, lemuel_coloured_pillars_altar,
          fiery_altar_vehumet, chequers_ecumenical_altar_simple_redux,
          brannock_xom_greatest_gift, uniq_sigmund, uniq_robin, uniq_terence
D:3:      eat_drink_and_be_merry_uskayaw, uniq_purgy
D:4:      first_ration, serial_forest, infiniplex_forest_clump_diagonal,
          infiniplex_forest_end_3, infiniplex_forest_clump_diagonal,
          infiniplex_forest_lined_2, infiniplex_forest_clump_cross,
          infiniplex_forest_clump_long
D:5:      elyvilon_altar_3, minmay_temple_entry_glassed_door
D:6:      serial_shops, nicolae_shop_overgrown_old_shop, roderic_lattice_a,
          serial_bayou_pond_e
D:8:      nicolae_overflow_hidden_temple, uniq_grum, uniq_erica, uniq_joseph
D:9:      gammafunk_steamed_eel, lemuel_crystal_altar
D:10:     minmay_cornered_nines
D:11:     dpeg_lair_monsters, serial_ice, serial_ice_l, serial_ice_g,
          serial_ice_a, serial_ice_n, portal_ice_cave_entry_ice_beasts,
          serial_shops, shop, uniq_erolcha
D:12:     nicolae_whirlpool
D:13:     erik_vaults_1
D:15:     grunt_enter_depths_hoard, fedhas_altar_1,
          minmay_hollow_rounded_squares
Lair:1:   serial_bayou_shore_b, grunt_megastairs_1
Lair:2:   guppyfry_snake_entry_island, guppyfry_lair_drakes
Lair:3:   elwin_shoals_entry_stream, patterned_corridor
Lair:5:   basic_altar
Lair:6:   minmay_lair_end_enchanted_forest, minmay_slime_entry_oklob_open,
          grunt_megastairs_2, uniq_kirke
Shoals:2: nicolae_shoals_aquamancer_cove, uniq_polyphemus
Shoals:3: uniq_nikola
Shoals:4: shoals_end_grunt_ice, shoal_ilsuiw, serial_shops, shop
Snake:1:  uniq_frances, uniq_louise, uniq_agnes
Snake:2:  serial_shops, nicolae_shop_stone, uniq_saint_roka, uniq_aizul
Snake:3:  serial_shops, shop, shop_statue, shop
Snake:4:  grunt_snake_rune_pools, serial_shops, nicolae_shop_crystal,
          serial_bayou_shore_a, lemuel_fruit_tree, uniq_asterion
Slime:2:  nicolae_slime_ancient_tower_intersection
Orc:1:    uniq_maurice
Orc:2:    grunt_orc_community_town_hall, grunt_orc_community_big_house_1,
          grunt_orc_community_big_house_2, grunt_orc_community_house_2,
          grunt_orc_community_house_2, grunt_orc_community_house_1,
          grunt_orc_community_house_3, uniq_rupert
Elf:1:    minmay_elf_arrival_circle, serial_shops, nicolae_shop_stone,
          basic_altar, kennysheep_underground_church, minmay_misc_feat_pillars,
          st_stairs_8
Elf:2:    serial_shops, shop, st_stairs_2
Elf:3:    minmay_elf_hall_x
Vaults:1: v_misc_10, nicolae_vaults_murderbox, nicolae_vaults_little_squares_6,
          grunt_vaults_focal, nicolae_vaults_disjoint_gnomons,
          nicolae_vaults_big_angled_halls, nicolae_vaults_shelves_hall,
          ontoclasm_vaults_eye, vaults_room_door_hall, v_misc_5,
          nicolae_vaults_big_angled_halls
Vaults:2: minmay_crypt_entry_skeletal_spiral, v_misc_33,
          hangedman_vaults_corner, ontoclasm_vaults_bender,
          hangedman_vaults_snaps, v_misc_24, vaults_mumra_chevron, v_rooms_1,
          nicolae_vaults_what_the_h, uniq_jorgrun
Vaults:3: ontoclasm_vaults_ring_large, v_misc_24, v_pattern_4, vaults_room_grid,
          nicolae_vaults_circle_grid_b, nicolae_vaults_sealed_display,
          v_misc_24, vaults_room_semicircle, nicolae_vaults_border_crossing,
          v_misc_24
Vaults:4: v_misc_11, ontoclasm_vaults_fire_temple, nicolae_vaults_network_star,
          v_rooms_6, vaults_mumra_hex, ontoclasm_vaults_chip,
          nicolae_vaults_alarming, ontoclasm_vaults_idyll,
          hangedman_vaults_impose, ontoclasm_vaults_fault,
          ontoclasm_vaults_ligature, serial_shops, shop
Vaults:5: serial_shops
Depths:1: corexii_hall_statues_t, hell_entry, rand_demon_pan_entry_7,
          columned_hall_lemuel, minmay_misc_feat_ornament, grunt_ministairs_11,
          nicolae_alphabet_shops, spider_trap, minmay_pinched_square
Depths:2: kennysheep_four_of_diamonds, serial_shops, kennysheep_mini,
          hell_entry, skrybe_limestone_x, minivault_14, minivault_1,
          hangedman_decor_slide_cut
Depths:3: minmay_expanding_circles, serial_column_ruins,
          column_ruins_portal_squares, column_ruins_hut_ruined,
          column_ruins_square_medium, column_ruins_grid_1, column_ruins_grid_3,
          column_ruins_grid_2, column_ruins_open_small, serial_shops, shop,
          grunt_pan_entry_spiral, minmay_misc_feat_rugged, hell_entry,
          uniq_sojobo, uniq_xtahua
Depths:4: minmay_the_grid_triangle_9x9_rhombus_thin_mashed,
          pf_vacation_house_of_asmodeus, grunt_decor_mini_mirrors,
          grunt_pan_entry_zigzag, abyss_entry, infiniplex_staircase_pillars_1
Depths:5: evilmike_zot_entry_gauntlet, enter_ziggurat_b, fountainhead,
          hell_entry
Pan:      rand_demon_4, grunt_pan_sceptre, pan_blood_fountain_small,
          uniq_mennas_pan, lom_lobon_st, grunt_pan_frozen_over, pan_surprise,
          nicolae_pan_mnolegish_4, nicolae_pan_sigil_itan,
          regret_index_pan_draining_boxed, mnoleg_grunt,
          pan_blood_fountain_small, evilmike_mini_pan_doors,
          nicolae_pan_door_chamber, reaverb_pan_figure_eight, cerebov_grunt
Zig:15:   ziggurat_pillar_centre_c
Zig:16:   ziggurat_pillar_centre_dead_trees
Zig:22:   ziggurat_pillar_centre_more_plants
Zig:23:   ziggurat_pillar_centre_oklobs
Zig:27:   ziggurat_pillar_centre_smoke
IceCv:    ice_cave_caverns_02

Skill      XL: |  1  2  3  4  5  6  7  8  9 10 11 12 13 14 15 16 17 18 19 20 21 22 23 24 25 26 27 |
---------------+----------------------------------------------------------------------------------+-----
Conjurations   | 2 3 4 5 6 7 8 9 10 12 13 14 15 16 17 18 19 21 | 21.4
Spellcasting   | 4 5 6 7 8 9 10 11 12 13 14 15 16 17 18 19 20 27 | 27.0
Fire Magic     | 2 3 5 7 9 10 11 12 13 14 15 16 18 19 20 21 | 21.4
Fighting       | 1 3 5 6 7 9 10 11 12 13 14 15 16 17 18 27 | 27.0
Shields        | 3 4 13 | 13.2
Dodging        | 3 4 6 7 8 9 10 11 12 13 21 | 21.2
Stealth        | 6 7 17 | 17.6
Earth Magic    | 4 5 17 | 17.5
Summonings     | 3 |  3.5
Transmutations | 6 8 |  8.5
Evocations     | 11 | 11.5
Translocations | |  1.0

Action                   |  1- 3 |  4- 6 |  7- 9 | 10-12 | 13-15 | 16-18 | 19-21 | 22-24 | 25-27 || total
-------------------------+-------+-------+-------+-------+-------+-------+-------+-------+-------++-------
Melee: Dagger            |     9 |       |       |       |       |       |       |       |       ||     9
       Constrict         |     9 |     8 |    23 |    11 |    60 |     4 |     2 |     3 |    23 ||   143
       Tentacles         |     4 |    11 |    12 |    25 |    73 |     1 |     2 |     3 |    38 ||   169
       Short sword       |    16 |    16 |   102 |       |       |       |       |       |       ||   134
       Flail             |       |    43 |     1 |       |       |       |       |       |       ||    44
       Falchion          |       |       |       |    90 |   171 |       |       |       |       ||   261
       Spear             |       |       |       |    62 |       |       |       |       |       ||    62
       Whip              |       |       |       |       |   203 |    13 |       |       |       ||   216
       Staff             |       |       |       |       |     2 |    10 |     8 |    28 |    99 ||   147
 Cast: Magic Dart        |    49 |   142 |    20 |       |       |       |       |       |       ||   211
       Mephitic Cloud    |       |     1 |    15 |    20 |    28 |     3 |       |       |       ||    67
       Call Imp          |       |     5 |     1 |     1 |     1 |       |       |       |       ||     8
       Conjure Flame     |       |     4 |    22 |    67 |    82 |     2 |       |       |       ||   177
       Blink             |       |     2 |     3 |    28 |    36 |     4 |       |       |     2 ||    75
       Flame Tongue      |       |       |   265 |   369 |   467 |     6 |     1 |     4 |       ||  1112
       Iskenderun's Myst |       |       |       |     9 |   401 |    34 |     1 |       |       ||   445
       Apportation       |       |       |       |       |     2 |       |       |       |       ||     2
       Iron Shot         |       |       |       |       |    28 |    58 |    64 |   164 |   186 ||   500
       Fireball          |       |       |       |       |    11 |   422 |   355 |   245 |   149 ||  1182
       Bolt of Fire      |       |       |       |       |     3 |     3 |       |       |       ||     6
       Orb of Destructio |       |       |       |       |       |    20 |    65 |    27 |   144 ||   256
       Shroud of Golubri |       |       |       |       |       |     4 |    13 |     5 |       ||    22
       Spellforged Servi |       |       |       |       |       |       |    21 |     9 |    37 ||    67
       Statue Form       |       |       |       |       |       |       |     8 |    39 |    65 ||   112
       Inner Flame       |       |       |       |       |       |       |     1 |       |       ||     1
       Ignition          |       |       |       |       |       |       |       |   177 |   445 ||   622
       Fire Storm        |       |       |       |       |       |       |       |       |   259 ||   259
       Aura of Abjuratio |       |       |       |       |       |       |       |       |     1 ||     1
 Abil: Evoke Flight      |       |       |       |       |       |       |       |       |     2 ||     2
Evoke: Wand              |       |       |       |    19 |    26 |     6 |       |     7 |       ||    58
       Lightning rod     |       |       |       |       |     1 |       |       |       |       ||     1
       Phial of floods   |       |       |       |       |       |     1 |       |       |     1 ||     2
       Staff of energy   |       |       |       |       |       |       |       |       |    10 ||    10
       Phantom mirror    |       |       |       |       |       |       |       |       |     2 ||     2
  Use: Scroll            |       |     1 |    15 |    13 |    17 |    15 |    13 |    15 |    49 ||   138
       Potion            |       |       |       |     1 |     3 |     8 |     6 |       |    33 ||    51
 Stab: Sleeping          |     2 |     2 |     3 |     3 |     1 |       |       |       |       ||    11
       Confused          |       |       |       |     1 |     2 |       |       |       |       ||     3
  Eat: Chunk             |     2 |    12 |     8 |    16 |    53 |    22 |    10 |    25 |    23 ||   171
       Ration            |       |     1 |     4 |     5 |     6 |     8 |    11 |    12 |    17 ||    64
Armor: Skin              |     4 |     2 |     5 |    16 |    53 |    19 |    69 |   150 |   426 ||   744
Dodge: Dodged            |    32 |    23 |    70 |   113 |   336 |    95 |   194 |   313 |   844 ||  2020
Block: Buckler           |       |       |     4 |    42 |   166 |    39 |   100 |   199 |   248 ||   798
       Reflection        |       |       |       |       |       |       |       |    12 |     3 ||    15
       Shield            |       |       |       |       |       |       |       |       |   214 ||   214
       Rpst.: Falchion   |       |       |       |    15 |    43 |       |       |       |       ||    58

Table legend:
 A = Spawn XP
 B = Non-spawn XP
 C = Spawn XP percentage of total XP
 D = Spawn monster count
 E = Non-spawn monster count
 F = Spawn count percentage of total count
 G = Total turns spent on level
                    A         B        C        D         E        F      G
               +---------+---------+-------+---------+---------+-------+---------
         Total |   63105 | 2677134 |   2.3 |      81 |    3369 |   2.3 | 108283
               +---------+---------+-------+---------+---------+-------+---------
           D:1 |       0 |      43 |   0.0 |       0 |      19 |   0.0 |  1418
           D:2 |       0 |     297 |   0.0 |       0 |      31 |   0.0 |  1978
           D:3 |       0 |      99 |   0.0 |       0 |      27 |   0.0 |  1393
           D:4 |       0 |     306 |   0.0 |       0 |      27 |   0.0 |  2517
           D:5 |       0 |      63 |   0.0 |       0 |       6 |   0.0 |   801
           D:6 |       0 |     867 |   0.0 |       0 |      28 |   0.0 |  1326
           D:7 |       0 |     708 |   0.0 |       0 |      23 |   0.0 |  1096
           D:8 |       0 |    1419 |   0.0 |       0 |      13 |   0.0 |  1425
           D:9 |       0 |     354 |   0.0 |       0 |      12 |   0.0 |  1435
          D:10 |       0 |    5093 |   0.0 |       0 |      16 |   0.0 |  3178
          D:11 |       0 |    8525 |   0.0 |       0 |      43 |   0.0 |  2921
          D:12 |       0 |    5959 |   0.0 |       0 |      38 |   0.0 |  2502
          D:13 |       0 |   11512 |   0.0 |       0 |      58 |   0.0 |  2614
          D:14 |       0 |   10242 |   0.0 |       0 |      34 |   0.0 |  1824
          D:15 |       0 |   30120 |   0.0 |       0 |      57 |   0.0 |  4300
        Lair:1 |       0 |    7319 |   0.0 |       0 |      25 |   0.0 |  2755
        Lair:2 |       0 |    6860 |   0.0 |       0 |      27 |   0.0 |  1919
        Lair:3 |       0 |    3093 |   0.0 |       0 |      13 |   0.0 |  1460
        Lair:4 |       0 |    2512 |   0.0 |       0 |      10 |   0.0 |  1593
        Lair:5 |       0 |    9113 |   0.0 |       0 |      35 |   0.0 |  3152
        Lair:6 |       0 |   20918 |   0.0 |       0 |      82 |   0.0 |  4187
      Shoals:1 |       0 |   13214 |   0.0 |       0 |      25 |   0.0 |  1168
      Shoals:2 |       0 |   22821 |   0.0 |       0 |      37 |   0.0 |  1535
      Shoals:3 |       0 |   17443 |   0.0 |       0 |      25 |   0.0 |  2083
      Shoals:4 |       0 |   35615 |   0.0 |       0 |      59 |   0.0 |   960
       Snake:1 |       0 |   14624 |   0.0 |       0 |      24 |   0.0 |  1630
       Snake:2 |       0 |   20241 |   0.0 |       0 |      41 |   0.0 |  1407
       Snake:3 |       0 |   26811 |   0.0 |       0 |      42 |   0.0 |  3320
       Snake:4 |       0 |   64739 |   0.0 |       0 |     108 |   0.0 |  2882
       Slime:1 |       0 |   19495 |   0.0 |       0 |      42 |   0.0 |   759
       Slime:2 |       0 |    9219 |   0.0 |       0 |      20 |   0.0 |   567
       Slime:3 |       0 |   13377 |   0.0 |       0 |      32 |   0.0 |   415
       Slime:4 |       0 |   18533 |   0.0 |       0 |      30 |   0.0 |  1039
       Slime:5 |       0 |   54586 |   0.0 |       0 |      50 |   0.0 |   929
         Orc:1 |       0 |    6859 |   0.0 |       0 |      36 |   0.0 |  1290
         Orc:2 |       0 |   14310 |   0.0 |       0 |      95 |   0.0 |  3145
         Elf:1 |       0 |   17337 |   0.0 |       0 |      30 |   0.0 |  1528
         Elf:2 |       0 |   29193 |   0.0 |       0 |      47 |   0.0 |  1497
         Elf:3 |       0 |   61728 |   0.0 |       0 |      58 |   0.0 |  2959
      Vaults:1 |       0 |   24124 |   0.0 |       0 |      36 |   0.0 |   768
      Vaults:2 |       0 |   45718 |   0.0 |       0 |      78 |   0.0 |  1512
      Vaults:3 |       0 |   57292 |   0.0 |       0 |      82 |   0.0 |  1283
      Vaults:4 |       0 |   75020 |   0.0 |       0 |     105 |   0.0 |  1600
      Vaults:5 |       0 |  144277 |   0.0 |       0 |     123 |   0.0 |  2427
      Depths:1 |       0 |   72091 |   0.0 |       0 |      84 |   0.0 |  2524
      Depths:2 |       0 |   54361 |   0.0 |       0 |      68 |   0.0 |  2693
      Depths:3 |       0 |   52048 |   0.0 |       0 |      59 |   0.0 |  1114
      Depths:4 |       0 |   66376 |   0.0 |       0 |      62 |   0.0 |  1777
      Depths:5 |       0 |   71594 |   0.0 |       0 |      76 |   0.0 |  2534
           Pan |   63105 |  299123 |  17.4 |      81 |     301 |  21.2 |  5662
         Zig:1 |       0 |    1096 |   0.0 |       0 |       2 |   0.0 |    18
         Zig:2 |       0 |     786 |   0.0 |       0 |       4 |   0.0 |    63
         Zig:3 |       0 |    1603 |   0.0 |       0 |       7 |   0.0 |    43
         Zig:4 |       0 |    5487 |   0.0 |       0 |       4 |   0.0 |    75
         Zig:5 |       0 |    7649 |   0.0 |       0 |       6 |   0.0 |    35
         Zig:6 |       0 |    4336 |   0.0 |       0 |      17 |   0.0 |    29
         Zig:7 |       0 |    5467 |   0.0 |       0 |      19 |   0.0 |   156
         Zig:8 |       0 |   13188 |   0.0 |       0 |      14 |   0.0 |    60
         Zig:9 |       0 |   15968 |   0.0 |       0 |      10 |   0.0 |   165
        Zig:10 |       0 |   21604 |   0.0 |       0 |      13 |   0.0 |   462
        Zig:11 |       0 |   18712 |   0.0 |       0 |      17 |   0.0 |   242
        Zig:12 |       0 |   14476 |   0.0 |       0 |      23 |   0.0 |   197
        Zig:13 |       0 |   38895 |   0.0 |       0 |      34 |   0.0 |    74
        Zig:15 |       0 |   18400 |   0.0 |       0 |      28 |   0.0 |   321
        Zig:16 |       0 |   34815 |   0.0 |       0 |      35 |   0.0 |   235
        Zig:17 |       0 |   56626 |   0.0 |       0 |      32 |   0.0 |   145
        Zig:18 |       0 |   43935 |   0.0 |       0 |      48 |   0.0 |   199
        Zig:19 |       0 |   65220 |   0.0 |       0 |      41 |   0.0 |   266
        Zig:20 |       0 |   42609 |   0.0 |       0 |      54 |   0.0 |   542
        Zig:21 |       0 |   64642 |   0.0 |       0 |      56 |   0.0 |   190
        Zig:22 |       0 |  143071 |   0.0 |       0 |      40 |   0.0 |   478
        Zig:23 |       0 |   66513 |   0.0 |       0 |      62 |   0.0 |   226
        Zig:24 |       0 |  108369 |   0.0 |       0 |      55 |   0.0 |   217
        Zig:25 |       0 |   63637 |   0.0 |       0 |      92 |   0.0 |   479
        Zig:26 |       0 |  169118 |   0.0 |       0 |      54 |   0.0 |   618
        Zig:27 |       0 |   93699 |   0.0 |       0 |      61 |   0.0 |   355
         IceCv |       0 |    9622 |   0.0 |       0 |      42 |   0.0 |  3570
               +---------+---------+-------+---------+---------+-------+---------
